 Dungeon Crawl Stone Soup version 0.30.1-9-gdf580d7c3d (webtiles) character file.

Game seed: 2142538636989496968

13953 Legs the Basher (level 11, 0/99 HPs)
             Began as a Minotaur Berserker on Oct 10, 2023.
             Was a Priest of Trog.
             Slain by a naga warrior
             ... wielding a +0 battleaxe
              (10 damage)
             ... on level 1 of the Snake Pit on Oct 15, 2023.
             The game lasted 01:25:33 (14142 turns).

Legs the Basher (Minotaur Berserker)               Turns: 14142, Time: 01:25:49

Health: 0/99       AC:  9    Str: 25    XL:     11   Next: 82%
Magic:  10/10      EV: 11    Int:  6    God:    Trog [***...]
Gold:   624        SH:  5    Dex: 11    Spells: 10/10 levels left

rFire   + . .        c - +3 executioner's axe (drain)
rCold   . . .        (shield currently unavailable)
rNeg    . . .        O - +1 leather armour of the Arena {rPois Int+2}
rPois   +            (helmet restricted)
rElec   .            h - +0 cloak
rCorr   .            g - +0 pair of gloves
SInv    +            k - +0 pair of boots
Will    .....        d - amulet of reflection
Stlth   ++           p - ring of protection from fire
HPRegen 0.36/turn    i - ring of see invisible
MPRegen 0.12/turn

%: reflection
@: constricted
A: horns 2, retaliatory headbutt
a: Renounce Religion, Berserk, Trog's Hand


You were on level 1 of the Snake Pit.
You worshipped Trog.
Trog was most pleased with you.
You visited 4 branches of the dungeon, and saw 14 of its levels.
You also visited: Bailey.

You collected 624 gold pieces.

Inventory:

Hand Weapons
 b - a +0 heavy halberd
 c - a +3 executioner's axe of draining (weapon)
 n - a +0 dire flail
 t - a +1 whip of flaming
 v - a +5 battleaxe
 z - a +4 broad axe
 C - the +6 sling of Zagech {heavy, rCorr Str+9 Dex-5}
   (You found it on level 4 of the Dungeon)

   Str:       It affects your strength (+9).
   Dex:       It affects your dexterity (-5).
   rCorr:     It protects you from acid and corrosion.
 G - a +5 great sword
 P - a +0 dire flail of draining
 R - a +2 hand axe of venom
Missiles
 K - 6 boomerangs (quivered)
 N - 2 throwing nets
Armour
 g - a +0 pair of gloves (worn)
 h - a +0 cloak (worn)
 k - a +0 pair of boots (worn)
 O - the +1 leather armour of the Arena (worn) {rPois Int+2}
   (You found it on level 7 of the Dungeon)

   Int:       It affects your intelligence (+2).
   rPois:     It protects you from poison.
 S - a +2 plate armour
Jewellery
 d - an amulet of reflection (around neck)
 i - a ring of see invisible (right hand)
 m - an amulet of guardian spirit
 p - a ring of protection from fire (left hand)
 H - a ring of protection from cold
 U - a ring of protection from fire
Wands
 y - a wand of digging (15)
 B - a wand of mindburst (7)
 J - a wand of acid (9)
 V - a wand of polymorph (12)
 Y - a wand of paralysis (8)
Scrolls
 o - a scroll of blinking
 r - 2 scrolls of fog
 u - a scroll of brand weapon
 w - a scroll of butterflies
 x - a scroll of magic mapping
 A - a scroll of torment
Potions
 a - 2 potions of brilliance {unknown}
 e - a potion of heal wounds
 f - a potion of haste
 j - a potion of attraction
 q - 2 potions of flight
 s - a potion of resistance {unknown}
 D - a potion of ambrosia {unknown}
 E - a potion of invisibility {unknown}
 F - 2 potions of lignification
 L - 2 potions of might
 M - a potion of cancellation {unknown}
 Q - a potion of mutation {unknown}
 W - a potion of magic {unknown}
Miscellaneous
 l - a condenser vane


   Skills:
 + Level 10.0 Fighting
 + Level 3.3(9.7) Axes
 + Level 10.5(10.7) Maces & Flails
 + Level 9.5(9.8) Polearms
 + Level 6.6 Ranged Weapons
 + Level 1.5 Throwing
 + Level 10.0 Armour
 + Level 7.8 Dodging
 + Level 3.6 Stealth
 + Level 1.3 Shields
 + Level 0.5 Evocations


You had 10 spell levels left.
You didn't know any spells.
Your spell library was empty.

Dungeon Overview and Level Annotations

Branches:
Dungeon (9/15)             Temple (1/1) D:6            Lair (3/5) D:8
  Snake (1/4) Lair:2       Bailey (visited)
  Swamp: Lair:2-3    Shoals: Lair:2-3       Orc: D:9-12

Altars:
Ashenzari
Cheibriados
Dithmenos
Elyvilon
Fedhas
Gozag
Hepliaklqana
Kikubaaqudgha
Makhleb
Nemelex Xobeh
Okawaru
Qazlal
Ru
Sif Muna
Uskayaw
Vehumet
Wu Jian
Xom
Yredelemnul
Zin
The Shining One

Shops:
D:2 =

Annotations:
Lair:3 Nergalle


Innate Abilities, Weirdness & Mutations

You have a pair of horns on your head.
You reflexively headbutt those who attack you in melee.


Message History

You kill the naga sharpshooter!
Trog accepts your kill.
Trog appreciates your killing of a magic user.
A naga warrior comes into view. It is wielding a +0 halberd.
Your Fighting skill increases to level 10!
The naga warrior shouts!
You slice the naga warrior!!
The naga warrior is moderately wounded.
The naga warrior barely misses you. You block the naga warrior's attack.
You slash the naga warrior!
The naga warrior is heavily wounded.
The naga warrior closely misses you. The naga warrior grabs you.
The naga warrior constricts you.
You hit the naga warrior but do no damage.
You drain the naga warrior.
The naga warrior is heavily wounded.
The naga warrior spits poison at you.
You block splash of poison... and reflect it back!
The splash of poison hits the naga warrior.
The naga warrior constricts you. The naga warrior barely misses you.
The naga warrior roars a battlecry!
The naga warrior goes into a battle-frenzy!
The naga warrior constricts you.
The naga warrior hits you from afar with a +0 halberd.
You hear an angry hiss.
You closely miss the naga warrior. You headbutt the naga warrior!
The naga warrior is severely wounded.
A black mamba comes into view.
The naga warrior hits you with a +0 battleaxe!
The naga warrior constricts you.
The naga warrior roars a battlecry!
The naga warrior goes into a battle-frenzy!
You closely miss the naga warrior. You headbutt the naga warrior.
The naga warrior is severely wounded.
The naga warrior spits poison at you. The splash of poison hits you.
You resist. The naga warrior constricts you.
The naga warrior hits you from afar with a +0 halberd!!!
* * * LOW HITPOINT WARNING * * *
The naga warrior hits you with a +0 battleaxe!
You die...

..# . #.#
#(#.# ###
#.#.# ..#
#.#.######.###
#..<...#.#.#.
#...##...#..
#.#....#..S#
#.#..>....@# #
#.####.N###
#....#.N.)#
####.#.##.#
#.#.##..#
#....##.N#
#....# ..N.
#....# ..#..
#....# .##..


You could see 2 naga warriors and a black mamba.

Vanquished Creatures
  A catoblepas (Lair:2)
  2 two-headed ogres (D:9)
  A naga sharpshooter (Snake:1)
  Amaemon (D:8)
  5 elephants (Lair:2)
  An orange demon (Lair:1)
  4 cane toads
  4 komodo dragons
  A hornet (D:9)
  A shadow (D:9)
  4 yaks (Lair:1)
  3 spriggans (Bailey)
  A basilisk (Lair:2)
  2 acid dragons
  10 water moccasins
  2 ice beasts
  2 orc warriors (D:8)
  2 black bears
  2 ogres
  2 centaurs
  A phantom (D:7)
  2 kobold brigands
  A gnoll sergeant (D:9)
  9 bullfrogs
  7 scorpions
  10 wights
  A howler monkey (D:5)
  4 jellies
  2 hounds
  5 orc priests
  2 gnoll boudas (D:7)
  10 orc wizards
  Natasha (thrice) (D:3)
  19 gnolls
  8 adders
  2 shadow imps
  A white imp (D:7)
  An ufetubus (D:3)
  A worm (D:2)
  4 dart slugs
  27 orcs
  7 endoplasms
  7 giant cockroaches
  5 goblins
  11 hobgoblins
  21 kobolds
  A quokka (D:1)
  9 ball pythons
  5 bats
  5 frilled lizards
  6 rats
248 creatures vanquished.

Vanquished Creatures (collateral kills)
  A hornet (D:9)
  An orc warrior (D:8)
  A black bear (D:8)
  A kobold brigand (D:8)
  A white imp (D:8)
  5 kobolds (D:8)
10 creatures vanquished.

Grand Total: 258 creatures vanquished

Notes
Turn   | Place    | Note
-------+----------+-------------------------------------------
     0 | D:1      | Legs the Minotaur Berserker began the quest for the Orb.
     0 | D:1      | Reached XP level 1. HP: 19/19 MP: 0/0
   299 | D:1      | Reached XP level 2. HP: 25/27 MP: 1/1
   657 | D:1      | Reached ** piety under Trog
  1049 | D:2      | Found Gept's Jewellery Emporium.
  1126 | D:2      | Reached XP level 3. HP: 33/33 MP: 2/2
  1865 | D:3      | Found a shadowy altar of Dithmenos.
  1866 | D:3      | Noticed Natasha
  1875 | D:3      | Killed Natasha
  1876 | D:3      | Reached skill level 5 in Maces & Flails
  1876 | D:3      | Reached XP level 4. HP: 34/41 MP: 1/3
  1975 | D:3      | Found a snail-covered altar of Cheibriados.
  2023 | D:3      | Noticed Natasha
  2031 | D:3      | Killed Natasha
  2101 | D:3      | Noticed Natasha
  2106 | D:3      | Killed Natasha
  2107 | D:3      | Reached skill level 1 in Stealth
  2107 | D:3      | Reached XP level 5. HP: 47/47 MP: 2/4
  2189 | D:3      | Reached skill level 5 in Fighting
  2217 | D:3      | Found a glowing golden altar of the Shining One.
  2337 | D:3      | Reached XP level 6. HP: 56/56 MP: 5/5
  2450 | D:3      | Found a sparkling altar of Nemelex Xobeh.
  2834 | D:4      | Reached *** piety under Trog
  3207 | D:4      | Found an iron altar of Okawaru.
  3691 | D:4      | Identified the +6 sling of Zagech {heavy, rCorr Str+9
                  | Dex-5}
  3864 | D:5      | Entered Level 5 of the Dungeon
  3953 | D:5      | Found a blossoming altar of Fedhas.
  4130 | D:5      | Reached XP level 7. HP: 55/62 MP: 3/6
  4133 | D:5      | Reached skill level 1 in Ranged Weapons
  5008 | D:6      | Found a staircase to the Ecumenical Temple.
  5016 | Temple   | Entered the Ecumenical Temple
  5447 | D:6      | Reached XP level 8. HP: 68/71 MP: 7/7
  5468 | D:6      | Identified a scroll of acquirement
  5510 | D:6      | Identified the +6 ring mail "Oxeyjy" {Int+5}
  5527 | D:6      | Reached skill level 5 in Armour
  5762 | D:6      | Reached skill level 5 in Ranged Weapons
  6375 | D:7      | Identified the +1 leather armour of the Arena {rPois Int+2}
  6779 | D:7      | Reached **** piety under Trog
  6860 | D:7      | Reached XP level 9. HP: 79/79 MP: 8/8
  7317 | D:8      | Reached skill level 5 in Dodging
  7543 | D:8      | Noticed a komodo dragon
  7565 | D:8      | Killed a komodo dragon
  7644 | D:8      | Found a staircase to the Lair.
  7753 | D:8      | Reached skill level 10 in Maces & Flails
  7865 | D:8      | Found an ancient bone altar of Kikubaaqudgha.
  8410 | D:9      | Found a flagged portal.
  8426 | Bailey   | Entered a bailey
  8554 | Bailey   | Reached skill level 1 in Axes
  8798 | Bailey   | Noticed a two-headed ogre
  9071 | D:9      | Reached XP level 10. HP: 52/86 MP: 4/9
  9096 | D:9      | Reached skill level 1 in Polearms
  9216 | D:9      | Noticed a two-headed ogre
  9226 | D:9      | Killed a two-headed ogre
  9317 | D:9      | Identified the +5 dagger of Welfare {drain, *Noise rElec
                  | rF+ Dex+2}
  9416 | D:9      | Found a sacrificial altar of Ru.
  9715 | D:9      | Paralysed by a hornet for 2 turns
  9720 | D:9      | Paralysed by a hornet for 1 turns
  9747 | D:9      | Reached skill level 1 in Throwing
 10136 | D:9      | Noticed a two-headed ogre
 10141 | D:9      | Killed a two-headed ogre
 10200 | Lair:1   | Entered Level 1 of the Lair of Beasts
 10684 | Lair:1   | Noticed a cane toad
 10689 | Lair:1   | Killed a cane toad
 11065 | Lair:1   | Noticed Amaemon
 11066 | Lair:1   | Noticed an orange demon
 11166 | D:8      | Killed Amaemon
 11167 | D:8      | Reached skill level 5 in Polearms
 11346 | D:8      | Reached XP level 11. HP: 45/87 MP: 3/10
 13451 | Lair:2   | Noticed a catoblepas
 13467 | Lair:2   | Killed a catoblepas
 13468 | Lair:2   | Reached skill level 10 in Armour
 13468 | Lair:2   | Reached skill level 1 in Shields
 13862 | Lair:2   | Found a staircase to the Snake Pit.
 14081 | Lair:2   | Acquired a +3 executioner's axe of draining
 14095 | Lair:3   | Noticed Nergalle
 14095 | Lair:3   | Noticed an eight-headed hydra
 14110 | Snake:1  | Entered Level 1 of the Snake Pit
 14119 | Snake:1  | Noticed a shock serpent
 14120 | Snake:1  | Noticed a mana viper
 14123 | Snake:1  | Noticed a naga sharpshooter
 14126 | Snake:1  | Noticed a naga warrior
 14131 | Snake:1  | Killed a naga sharpshooter
 14131 | Snake:1  | Noticed a naga warrior
 14132 | Snake:1  | Reached skill level 10 in Fighting
 14142 | Snake:1  | Slain by a naga warrior

Illustrated notes

Levels and vault maps discovered:
D:1:      scummos_arrival_gate, layout_basic, serial_park_tiny_2
D:2:      layout_basic, serial_shops, nicolae_shop_gaudy_bauble
D:3:      layout_loops_ring, nicolae_dithmenos_shadow_blocks,
          nicolae_tso_carved_into_rock, mainiacjoe_overflow_alcove_4,
          cheibriados_altar_1, uniq_natasha
D:4:      layout_basic, mainiacjoe_overflow_concentric_impassable,
          nicolae_nh_ransacked_shop
D:5:      layout_cave_pods, mainiacjoe_overflow_catwalk
D:6:      layout_rooms, minmay_temple_entry_hall, serial_co_window_serial,
          co_window_paths_a, co_window_of_opportunity_a, co_window_paths_a,
          co_window_corner_a, co_window_paths_a, co_window_corner_ca,
          co_window_broadway_c, co_window_broadway_a, co_window_broadway_c,
          co_window_corner_b, co_window_paths_d
D:7:      layout_basic, serial_curves, eino_curves_02, eino_curves_02,
          eino_curves_01, eino_curves_01
D:8:      layout_basic, nicolae_overflow_crystal_walls,
          grunt_lair_entry_orc_guard_hut
D:9:      layout_loops_ring, nicolae_ru_great_annihilating_truth,
          enter_bailey_2, kennysheep_generic_room_4
Temple:   oiseaux_autumnal_temple
Lair:1:   layout_loops_ring, infiniplex_staircase_pool, uniq_amaemon
Lair:2:   layout_roguey, dummy_snake_entry, minivault_26
Lair:3:   layout_layer_cave, nicolae_swamp_entry_splash_gauntlet, special_room
          [special_room_mythical_zoo], disabler_island, uniq_nergalle
Snake:1:  cheibrodos_toxic_ritual, layout_basic, minmay_shop_grove

Skill      XL: |  1  2  3  4  5  6  7  8  9 10 11 |
---------------+----------------------------------+-----
Fighting       | 4 5 6 7 8 9 10 | 10.0
Maces & Flails | 4 5 6 7 10 | 10.5
Stealth        | 1 2 3 |  3.6
Armour         | 3 4 5 6 9 10 | 10.0
Dodging        | 3 4 6 7 |  7.8
Ranged Weapons | 3 6 |  6.6
Axes           | 1 3 |  3.3
Polearms       | 5 9 |  9.5
Throwing       | 1 |  1.5
Shields        | 1 |  1.3
Evocations     | |  0.5

Action                     |  1- 3 |  4- 6 |  7- 9 | 10-12 || total
---------------------------+-------+-------+-------+-------++-------
  Melee: Mace              |    75 |    49 |       |       ||   124
         Headbutt          |    10 |    14 |    34 |    37 ||    95
         Punch             |       |     1 |     2 |       ||     3
         Flail             |       |    68 |   184 |       ||   252
         War axe           |       |       |    27 |       ||    27
         Halberd           |       |       |     6 |   181 ||   187
         Executioner's axe |       |       |       |    12 ||    12
   Fire: Sling             |       |    17 |    59 |     1 ||    77
  Throw: Stone             |     6 |     3 |     1 |       ||    10
         Boomerang         |       |       |       |     5 ||     5
 Invoke: Berserk           |     1 |     2 |     6 |     9 ||    18
         Trog's Hand       |     1 |     2 |     6 |     8 ||    17
         Brothers in Arms  |       |       |     2 |     1 ||     3
  Evoke: Wand              |       |       |       |     2 ||     2
    Use: Scroll            |     4 |       |    11 |     4 ||    19
         Potion            |       |     2 |    10 |     5 ||    17
   Stab: Sleeping          |       |     1 |       |     2 ||     3
         Distracted        |       |       |       |     1 ||     1
 Armour: Animal skin       |    20 |     4 |       |       ||    24
         Leather armour    |       |     9 |   104 |    78 ||   191
         Scale mail        |       |    61 |       |       ||    61
         Plate armour      |       |       |    26 |    76 ||   102
  Dodge: Dodged            |    45 |    80 |   179 |   189 ||   493
  Block: Other             |       |       |       |    16 ||    16
         Reflection        |       |       |       |     1 ||     1
